 Dungeon Crawl Stone Soup version 0.28-a0-1130-gc51a68064b (webtiles) character file.

Game seed: 11067277160422187924

2244 septik the Cleaver (level 9, -2/70 HPs)
             Began as a Minotaur Berserker on Dec 12, 2021.
             Was a Priest of Trog.
             Slain by an unseen horror (9 damage)
             ... on level 6 of the Dungeon.
             The game lasted 00:08:52 (5903 turns).

septik the Cleaver (Minotaur Berserker)             Turns: 5903, Time: 00:08:52

Health: -2/70      AC: 16    Str: 26    XL:     9   Next: 14%
Magic:  8/8        EV:  7    Int:  4    God:    Trog [***...]
Gold:   302        SH:  0    Dex: 10    Spells: 8/8 levels left

rFire   . . .      SeeInvis .   t - +1 whip (flame)
rCold   . . .      Faith    .   (no shield)
rNeg    . . .      Spirit   .   B - +0 plate armour
rPois   .          Reflect  .   (helmet restricted)
rElec   .          Harm     .   z - +2 cloak
rCorr   .          Rampage  .   f - +0 pair of gloves
Will    .....                   x - +0 pair of boots
Stlth   ..........              (no amulet)
HPRegen 0.21/turn               (no ring)
MPRegen 0.11/turn               (no ring)

@: on berserk cooldown, flying, hasted and slowed
A: horns 2, retaliatory headbutt
a: Renounce Religion, Berserk, Trog's Hand


You were on level 6 of the Dungeon.
You worshipped Trog.
Trog was most pleased with you.
You visited 1 branch of the dungeon, and saw 6 of its levels.

You collected 302 gold pieces.

Inventory:

Hand Weapons
 a - a +0 hand axe
 t - a +1 whip of flaming (weapon)
Missiles
 c - a throwing net
 g - 125 stones (quivered)
 p - 14 poisoned darts
 F - a curare-tipped dart
Armour
 f - a +0 pair of gloves (worn)
 k - a +0 ring mail
 x - a +0 pair of boots (worn)
 z - a +2 cloak (worn)
 B - a +0 plate armour (worn)
Jewellery
 h - a ring of ice
 o - a ring of protection from fire
 y - a ring of fire
 D - a +6 ring of dexterity
Wands
 r - a wand of acid (7)
 u - a wand of digging (2)
 w - a wand of charming (9)
 E - a wand of paralysis (10)
Scrolls
 b - 2 scrolls of brand weapon
 d - 4 scrolls of identify
 l - 3 scrolls of vulnerability
 v - a scroll of holy word {unknown}
 A - a scroll of amnesia {unknown}
Potions
 e - 2 potions of invisibility
 i - a potion of flight
 j - 3 potions of haste
 m - 2 potions of might
 s - a potion of cancellation {unknown}
 C - a potion of lignification {unknown}


   Skills:
 - Level 3.6 Fighting
 + Level 14.7 Axes
 - Level 2.4 Armour
 - Level 2.1 Dodging


You had 8 spell levels left.
You didn't know any spells.
Your spell library was empty.

Dungeon Overview and Level Annotations

Branches:
Dungeon (6/15)             Temple (0/1) D:5

Altars:
Ashenzari
Cheibriados
Sif Muna


Innate Abilities, Weirdness & Mutations

You have a pair of horns on your head.
You reflexively headbutt those who attack you in melee.


Message History

Something hits you.
* * * LOW HITPOINT WARNING * * *
Something hits you but does no damage. Something hits you but does no damage.
Something hits you.
* * * LOW HITPOINT WARNING * * *
Something hits you but does no damage.
You feel yourself speed up. Something hits you.
* * * LOW HITPOINT WARNING * * *
You closely miss something. You headbutt something! Something hits you.
* * * LOW HITPOINT WARNING * * *
Something hits you.
* * * LOW HITPOINT WARNING * * *
Something hits you but does no damage.
Something hits you but does no damage. x2
Something hits you but does no damage.
You hit something. You burn something. Your headbutt misses something.
Something hits you but does no damage.
You completely miss something. Something hits you!
* * * LOW HITPOINT WARNING * * *
It was a potion of flight.
You feel very buoyant.
You fly up into the air.
Something hits you but does no damage.
It was a potion of curing.
You feel better. Something hits you.
* * * LOW HITPOINT WARNING * * *
It was a potion of heal wounds.
You feel much better. Something hits you but does no damage.
Something hits you but does no damage. Something hits you. Something hits you!
* * * LOW HITPOINT WARNING * * *
Something hits you but does no damage. Something hits you but does no damage.
You miss something. You headbutt something. Something hits you!
* * * LOW HITPOINT WARNING * * *
Something hits you.
* * * LOW HITPOINT WARNING * * *
Something hits you.
* * * LOW HITPOINT WARNING * * *
Something hits you but does no damage. Something hits you!
You die...

#........#
#.....#
#........#
#.....'
###'######
#.....#
#......+
#....)#
#......#
##.....#
#......#
#.......
###'####
#.......
#......##
#.......
#..@....#
#.......
#.......#
.#.......
#......##
..#######.
#......##...##.
##
#..............
#.
#..............
#.
#..............
#.
###############
##


There were no monsters in sight!

Vanquished Creatures
  Pikel (D:4)
  Edmund (D:5)
  A water moccasin (D:5)
  Duvessa (D:4)
  2 black bears
  A necrophage (D:4)
  An ogre (D:6)
  3 lemures (D:4)
  2 centaurs (D:6)
  A kobold brigand (D:6)
  Blork the orc (D:4)
  A bullfrog (D:6)
  A gnoll sergeant (D:5)
  2 scorpions
  A wyvern skeleton (D:5)
  Dowan (D:4)
  3 orc priests
  A hound (D:6)
  A centaur skeleton (D:6)
  Ijyb (D:4)
  4 orc wizards
  5 adders
  5 gnolls (D:5)
  A shadow imp (D:4)
  A white imp (D:5)
  An ufetubus (D:6)
  A worm (D:3)
  3 dart slugs
  9 orcs
  4 endoplasms
  5 giant cockroaches
  5 goblins
  9 hobgoblins
  6 jackals
  4 quokkas
  11 ball pythons
  3 bats
  4 frilled lizards
  15 kobolds
  4 rats
127 creatures vanquished.

Notes
Turn   | Place    | Note
-------+----------+-------------------------------------------
     0 | D:1      | septik the Minotaur Berserker began the quest for the Orb.
     0 | D:1      | Reached XP level 1. HP: 19/19 MP: 0/0
    36 | D:1      | Reached skill level 4 in Axes
   185 | D:1      | You fall into a shaft and drop 1 floor!
   276 | D:2      | Reached XP level 2. HP: 26/26 MP: 1/1
   778 | D:2      | Found a broken altar of Ashenzari.
   976 | D:2      | Noticed a golden eye
   979 | D:2      | Reached skill level 5 in Axes
  1014 | D:2      | Reached XP level 3. HP: 28/31 MP: 2/2
  1082 | D:2      | Reached skill level 6 in Axes
  1082 | D:2      | Reached XP level 4. HP: 33/39 MP: 3/3
  1242 | D:2      | Noticed a floating eye
  1249 | D:2      | Found a faded altar of an unknown god.
  1251 | D:2      | Noticed a golden eye
  1251 | D:2      | Noticed a great orb of eyes
  1599 | D:1      | Reached ** piety under Trog
  2287 | D:3      | Reached skill level 7 in Axes
  2287 | D:3      | Reached XP level 5. HP: 45/45 MP: 4/4
  2656 | D:3      | Found a shimmering blue altar of Sif Muna.
  3332 | D:4      | Noticed Pikel
  3332 | D:4      | Noticed a lemure
  3333 | D:4      | Noticed a lemure
  3333 | D:4      | Noticed a lemure
  3333 | D:4      | Noticed a lemure
  3336 | D:4      | Killed a lemure
  3338 | D:4      | Killed a lemure
  3342 | D:4      | Killed Pikel
  3342 | D:4      | Killed a lemure
  3343 | D:4      | Reached skill level 10 in Axes
  3343 | D:4      | Reached XP level 6. HP: 51/51 MP: 5/5
  3343 | D:4      | Reached XP level 7. HP: 57/57 MP: 6/6
  3451 | D:4      | Noticed Ijyb
  3458 | D:4      | Killed Ijyb
  3475 | D:4      | Found a snail-covered altar of Cheibriados.
  3531 | D:4      | Reached skill level 11 in Axes
  3553 | D:4      | Noticed Blork the orc
  3566 | D:4      | Killed Blork the orc
  3671 | D:4      | Noticed Duvessa
  3671 | D:4      | Noticed Dowan
  3676 | D:4      | Killed Duvessa
  3688 | D:4      | Killed Dowan
  3689 | D:4      | Reached XP level 8. HP: 41/64 MP: 7/7
  3977 | D:5      | Entered Level 5 of the Dungeon
  4037 | D:5      | Found a staircase to the Ecumenical Temple.
  4157 | D:5      | Reached *** piety under Trog
  4184 | D:5      | Reached skill level 12 in Axes
  4623 | D:5      | Noticed Edmund
  4630 | D:5      | Killed Edmund
  4696 | D:5      | Reached skill level 13 in Axes
  5344 | D:6      | Reached skill level 14 in Axes
  5494 | D:6      | Reached XP level 9. HP: 67/70 MP: 8/8
  5891 | D:6      | HP: 1/70 [something (7)]
  5903 | D:6      | Slain by an unseen horror

Illustrated notes

Levels and vault maps discovered:
D:1:      dpeg_arrival_short_road, layout_loops_ring
D:2:      layout_basic, hellmonk_ecumenical_altar_watching_god, basic_altar,
          bh_walls_and_bars
D:3:      layout_basic, led_sif_book
D:4:      layout_basic, mainiacjoe_overflow_six_doors_small, uniq_pikel,
          uniq_duvessa, uniq_ijyb, uniq_blork_the_orc
D:5:      layout_loops_cross, temple_green, lightli_minifort, uniq_edmund
D:6:      layout_gridville

Skill      XL: |  1  2  3  4  5  6  7  8 |
---------------+-------------------------+-----
Axes           | 4 5 6 7 10 11 14 | 14.7
Fighting       | |  3.6
Armour         | |  2.4
Dodging        | |  2.1

Action                   |  1- 3 |  4- 6 |  7- 9 || total
-------------------------+-------+-------+-------++-------
Melee: Hand axe          |    34 |   103 |       ||   137
       Headbutt          |     8 |    13 |    40 ||    61
       Whip              |       |       |   165 ||   165
Invok: Berserk           |     2 |     3 |     8 ||    13
       Trog's Hand       |       |       |     1 ||     1
  Use: Scroll            |       |       |     6 ||     6
       Potion            |       |       |     4 ||     4
Armor: Animal skin       |     5 |     8 |       ||    13
       Ring mail         |       |    14 |    28 ||    42
       Plate armour      |       |       |    84 ||    84
Dodge: Dodged            |    19 |    60 |    55 ||   134

Table legend: (Time is in decaauts)
 A = Elapsed time spent in this place.
 B = Non-inter-level travel time spent in this place.
 C = Inter-level travel time spent in this place.
 D = Time resting spent in this place.
 E = Time spent auto-exploring this place.
 F = Levels seen in this place.
 G = Mean time per level.
                   A        B        C        D        E       F      G
               +--------+--------+--------+--------+--------+-----+--------+
         Total |   5949 |   5819 |    130 |    663 |   4348 |   6 |  991.5 |
       Dungeon |   5949 |   5819 |    130 |    663 |   4348 |   6 |  991.5 |
               +--------+--------+--------+--------+--------+-----+--------+

Top non-repeatable levels by time:
     D:2: 1318 daAuts
     D:5: 1095 daAuts
     D:3: 967 daAuts
     D:1: 954 daAuts
     D:6: 822 daAuts
     D:4: 791 daAuts
